 Dungeon Crawl Stone Soup version 0.25.1-2-g60ff931df9 (webtiles) character file.

Game seed: 14645902517082530174

196917 DearestLeader the Earth Mage (level 18, -9/92 HPs)
             Began as a Gargoyle Earth Elementalist on Sept 27, 2020.
             Was the Champion of Vehumet.
             Mangled by a merfolk impaler
             ... wielding a +0 trident
              (14 damage)
             ... on level 1 of the Shoals.
             The game lasted 02:30:28 (42881 turns).

DearestLeader the Earth Mage (GrEE)                Turns: 42881, Time: 02:30:29

Health: -9/92      AC: 26    Str:  8 (13) XL:     18   Next: 39%
Magic:  19/43      EV: 15    Int: 28 (29) God:    Vehumet [******]
Gold:   970        SH:  4    Dex:  7 (10) Spells: 7/42 levels left

rFire    . . .     SeeInvis .   o - +10 scimitar of Righteous Fury {vorpal, rElec MR+}
rCold    . . .     Gourm    .   M - +0 buckler (curse)
rNeg     + . .     Faith    .   S - +2 robe {Archmagi}
rPois    ∞         Spirit   .   i - +2 helmet
rElec    +         Reflect  .   q - +2 cloak
rCorr    .         Harm     .   B - +2 pair of gloves
MR       ++...                  (no boots)
Stlth    ++........             w - amulet of regeneration
HPRegen  0.65/turn              E - ring of magical power
MPRegen  0.28/turn              U - +6 ring of intelligence

@: marked, flying, hasted, very quick
A: big wings, negative energy resistance 1, electricity resistance, unbreathing,
petrification resistance, rot immunity, AC +13
}: 1/15 runes: gossamer
a: Stop Flying, Renounce Religion


You were on level 1 of the Shoals.
You worshipped Vehumet.
Vehumet was exalted by your worship.
You were hungry.

You visited 8 branches of the dungeon, and saw 31 of its levels.

You collected 3001 gold pieces.
You spent 2031 gold pieces at shops.

Inventory:

Hand Weapons
 o - the +10 scimitar of Righteous Fury (weapon) {vorpal, rElec MR+}
   (You found it on level 2 of the Lair of Beasts)

   It inflicts extra damage upon your enemies.
   It insulates you from electricity.
   It affects your resistance to hostile enchantments.
Missiles
 b - 467 stones (quivered)
Armour
 i - a +2 helmet (worn)
 q - a +2 cloak (worn)
 B - a +2 pair of gloves (worn)
 H - a +2 robe of cold resistance
 M - a cursed +0 buckler (worn)
 S - a +2 robe of the Archmagi (worn)
Magical Staves
 Z - an uncursed staff of wizardry
Jewellery
 w - an amulet of regeneration (around neck)
 E - a ring of magical power (left hand)
 U - a +6 ring of intelligence (right hand)
 V - the ring of Jigibao {rC+ Stlth-}
   (You found it on level 3 of the Lair of Beasts)

   [ring of attention]

   It protects you from cold.
   It makes you less stealthy.
Wands
 j - a wand of clouds (11)
 t - a wand of enslavement (3)
 y - a wand of random effects (25)
 C - a wand of iceblast (14)
 D - a wand of polymorph (9)
 L - a wand of disintegration (8)
 Q - a wand of paralysis (5)
 T - a wand of digging (11)
 W - a wand of acid (8)
Scrolls
 e - 8 scrolls of enchant armour
 h - 8 scrolls of amnesia
 k - 6 scrolls of enchant weapon
 m - 8 scrolls of teleportation
 p - a scroll of summoning
 v - 10 scrolls of remove curse
 x - 7 scrolls of magic mapping
 z - a scroll of blinking
 A - 2 scrolls of fear
 G - a scroll of fog
 O - 5 scrolls of immolation
 P - a scroll of identify
 R - 3 scrolls of holy word
 X - a scroll of brand weapon
Potions
 a - a potion of invisibility
 c - a potion of resistance
 f - 9 potions of curing
 g - 2 potions of magic
 l - 6 potions of stabbing
 r - 4 potions of mutation
 s - 4 potions of might
 u - a potion of heal wounds
 I - a potion of cancellation
 J - 4 potions of haste
 K - 4 potions of brilliance
 Y - 3 potions of ambrosia
Miscellaneous
 N - a lightning rod (4/4)
Comestibles
 d - 34 rations
 n - 2 chunks of flesh


   Skills:
 - Level 3.0 Fighting
 - Level 3.0 Long Blades
   Level 1.0 Maces & Flails
 + Level 10.3 Dodging
 - Level 2.1 Stealth
 - Level 5.0 Shields
 - Level 0.2 Unarmed Combat
 + Level 12.9 Spellcasting
 * Level 17.9 Conjurations
 - Level 5.0 Charms
 - Level 3.0 Transmutations
 + Level 2.7 Fire Magic
   Level 4.0 Ice Magic
 - Level 2.0 Air Magic
 + Level 20.1 Earth Magic
 - Level 3.0 Poison Magic


You had 7 spell levels left.
You knew the following spells:

 Your Spells              Type           Power        Failure   Level  Hunger
a - Sandblast             Erth           ######       0%          1    None
b - Passwall              Tmut/Erth      #######.     1%          2    None
c - Stone Arrow           Conj/Erth      ######       0%          3    None
d - Lee's Rapid Deconstr  Erth           ########..   0%          5    ##.....
e - Petrify               Tmut/Erth      #######.     1%          4    None
f - Mephitic Cloud        Conj/Pois/Air  #######.     1%          3    None
g - Iskenderun's Battles  Conj/Chrm      #######.     1%          5    ##.....
h - Iron Shot             Conj/Erth      ########..   1%          6    ####...
i - Starburst             Conj/Fire      #######...   1%          6    ####...

Your spell library contained the following spells:

 Spells                   Type           Power        Failure   Level  Hunger
 Shatter                  Erth           ########..   21%         9    #######
 Ignition                 Fire           ######....   100%        8    #######
 Tornado                  Air            #####.....   100%        9    #######
 Poisonous Vapours        Pois/Air       #####.       1%          2    None
 Conjure Flame            Conj/Fire      #######.     1%          3    None
 Borgnjor's Vile Clutch   Necr/Erth      #######...   1%          5    ##.....
 Irradiate                Conj/Tmut      #######...   1%          5    ##.....
 Apportation              Tloc           ####..       3%          1    None
 Summon Butterflies       Summ           ####....     3%          1    None
 Freezing Cloud           Conj/Ice/Air   #######...   4%          6    ####...
 Confusing Touch          Hex            ####....     9%          3    None
 Gell's Gravitas          Tloc           ####......   9%          3    None
 Lesser Beckoning         Tloc           ####......   9%          3    None
 Recall                   Summ/Tloc      N/A          9%          3    None
 Tukima's Dance           Hex            ####....     9%          3    None
 Yara's Violent Unravell  Hex/Tmut       #####.....   12%         5    ##.....
 Alistair's Intoxication  Tmut/Pois      ######..     24%         5    ##.....
 Animate Dead             Necr           N/A          30%         4    None
 Metabolic Englaciation   Hex/Ice        #####.....   36%         5    ##.....
 Hydra Form               Tmut           ######....   80%         6    ####...
 Simulacrum               Ice/Necr       #####.....   90%         6    ####...
 Death Channel            Necr           ####......   99%         6    ####...
 Invisibility             Hex            ####....     99%         6    ####...
 Ring of Flames           Chrm/Fire      ######....   99%         7    ######.
 Dragon Form              Tmut           ######....   100%        7    ######.
 Lehudib's Crystal Spear  Conj/Erth      ########..   2%          8    #######
 Chain Lightning          Conj/Air       #######...   58%         8    #######
 Absolute Zero            Ice            ######....   100%        9    #######
 Fire Storm               Conj/Fire      #######...   100%        9    #######
 Statue Form              Tmut/Erth      Unusable     N/A         6    N/A

Dungeon Overview and Level Annotations

Branches:
Dungeon (15/15)            Temple (1/1) D:5            Lair (6/6) D:11
 Shoals (1/4) Lair:4       Spider (4/4) Lair:3        Slime (1/5) Lair:6
    Orc (2/2) D:12            Elf (1/3) Orc:2        Vaults (0/5) D:14
 Depths (0/5) D:15

Altars:
Ashenzari
Dithmenos
Elyvilon
Fedhas
Kikubaaqudgha
Okawaru
Qazlal
Sif Muna
Trog
Uskayaw
Vehumet
Wu Jian
Xom
Zin
The Shining One
Beogh
Jiyva

Shops:
D:5 [}*   Orc:1 :   Orc:2 =}?!?(*   Elf:1 ?


Innate Abilities, Weirdness & Mutations

You are resistant to torment.
Your stone body is resilient. (AC +13)
You are immune to poison.
Your large and strong wings let you fly indefinitely.
You resist negative energy. (rN+)
You are resistant to electric shocks. (rElec)
You can survive without breathing.
You are immune to petrification.
You are immune to rotting.


Message History

You don't know that spell.
Casting: Iskenderun's Battlesphere (mildly dangerous; 1% risk of failure)
Confirm with . or Enter, or press ? or * to list all spells.
Aiming: Iron Shot (safe; 1% risk of failure)
Press: ? - help, Shift-Dir - straight line, f - merfolk impaler
Aim: a merfolk impaler, wielding a +0 trident and wearing a +0 robe You feel a surge of power!
The iron shot misses the merfolk impaler.
You are feeling hungry.
Your battlesphere fires!
The barrage of energy hits the merfolk impaler!
The merfolk impaler is lightly wounded.
The merfolk impaler hits you from afar with a +0 trident.
The merfolk impaler barely misses you.
You feel yourself speed up. The wind drake flaps its wings at you.
The air twists around and violently strikes you in flight!!
* * * LOW HITPOINT WARNING * * *
The merfolk impaler hits you from afar with a +0 trident!
You die...

≈PP..........≈≈≈....# #..).......
P≈PP.............[..............#
≈≈...##..#..(................≈≈.#
...(.>##........###.........≈≈≈..
....P≈....≈≈≈...# #..#......≈≈≈≈.
...≈≈≈....≈≈....###..##...≈≈≈≈≈≈.
÷<≈)≈≈≈≈≈≈≈..........##..≈≈≈≈≈≈≈≈
.÷≈≈≈≈≈≈≈≈≈≈.......*....≈≈≈≈≈≈≈≈≈
≈.≈≈≈≈≈≈≈≈≈≈>...@≈≈≈≈..≈≈≈≈≈≈≈≈≈.
≈≈≈≈≈≈.≈≈≈≈≈≈≈≈≈≈≈≈≈≈.>≈ ≈.
.≈≈≈≈≈..≈≈≈≈≈≈≈≈m..≈≈≈≈≈
..≈≈≈≈...≈≈≈..≈≈k!.≈≈≈≈≈
..≈≈≈≈≈..≈≈...≈≈≈.≈....≈
...≈≈≈≈≈≈≈≈...≈≈†.≈....≈
...≈≈≈≈≈≈≈≈.#......^...≈
.≈≈##........≈.. .. #........≈..


You could see a merfolk impaler, a wind drake (repels missiles) and a friendly
battlesphere.

Vanquished Creatures
  Rupert (D:14)
  4 ghost moths
  6 emperor scorpions
  2 entropy weavers
  Nessos (D:12)
  6 dire elephants (Lair:6)
  A spark wasp (Spider:4)
  Snorg (D:13)
  Fannar (Lair:3)
  Harold (D:11)
  Erolcha (Orc:2)
  An anaconda (Lair:6)
  12 hydras
  A catoblepas (Lair:3)
  3 centaur warriors
  3 two-headed ogres
  A death yak (Lair:4)
  3 dancing weapons (Elf:1)
  Urug (D:14)
  2 tengu warriors (D:15)
  A deep elf knight (D:15)
  Sonja (Lair:2)
  A fire crab (D:14)
  2 sea snakes (Shoals:1)
  A death drake (shapeshifter) (D:15)
  4 unseen horrors
  2 wizards
  A glowing orange brain (D:15)
  4 orc knights
  A deep elf archer (Elf:1)
  5 harpies
  A necromancer (Spider:3)
  8 deep elf magi (Elf:1)
  4 oklob plants (Lair:1)
  16 ugly things
  19 orb spiders
  11 wolf spider zombies
  11 orc sorcerers
  15 wolf spiders
  8 manticores
  2 fauns (Shoals:1)
  5 cyclopes
  3 black mambas
  3 moths of wrath
  3 centaur zombies
  16 elephants
  3 torpor snails
  12 spiny frogs
  13 redback zombies (Spider:3)
  A gargoyle (D:13)
  A spiny frog (shapeshifter) (D:15)
  2 yaktaurs (D:15)
  3 komodo dragons
  3 centaur skeletons
  12 demonic crawlers
  5 rime drakes
  32 jumping spiders
  A polar bear (Lair:4)
  6 trolls
  An efreet (D:15)
  5 merfolk (Shoals:1)
  3 meliai (Lair:4)
  2 wind drakes (Shoals:1)
  2 queen bees
  8 slime creatures
  9 hornets
  26 blink frogs
  A dream sheep (Lair:2)
  6 tarantella zombies (Spider:3)
  17 hippogriffs
  2 shadows (D:15)
  63 redbacks
  2 wraiths
  37 tarantellas
  15 wyverns
  3 vampires
  46 yaks
  A tarantella (shapeshifter) (D:15)
  2 basilisks (shapeshifter)
  15 basilisks
  2 hogs (D:9)
  17 humans
  A hungry ghost (D:13)
  A fire elemental (Elf:1)
  4 vampire mosquitoes (D:15)
  4 wargs
  2 hell hounds (Lair:5)
  14 water moccasins
  A soldier ant (D:15)
  2 acid dragons
  6 porcupines
  22 orc warriors
  2 sky beasts
  An eye of draining (D:12)
  5 phantoms
  3 ice beasts
  12 ogres
  A boggart (D:12)
  4 necrophages (Lair:3)
  27 wolves
  12 centaurs
  12 crocodiles
  A big kobold (D:8)
  18 bullfrogs
  A wyvern zombie (D:7)
  A water moccasin zombie (D:9)
  2 wyvern skeletons (D:13)
  3 scorpions
  2 water moccasin skeletons
  46 killer bees
  9 wights
  2 electric eels (Lair:3)
  6 bullfrog zombies
  4 howler monkeys
  7 crimson imps
  A quasit (D:12)
  17 hounds
  27 orc priests
  A jelly (D:5)
  5 bullfrog skeletons
  3 iguanas
  32 orc wizards
  7 worker ants
  5 hell rats (Lair:5)
  A killer bee zombie (D:10)
  3 hound skeletons
  Robin (D:4)
  7 gnolls
  8 adders
  5 shadow imps
  8 worms
  2 adder skeletons
  An adder zombie (D:6)
  9 leopard geckos
  77 orcs
  17 giant cockroaches
  13 goblins
  8 hobgoblins
  17 jackals
  6 quokkas
  2 ball pythons
  7 bats
  2 frilled lizards
  11 kobolds
  2 quokka skeletons
  5 rats
  2 fungi (Lair:6)
  4 plants
1133 creatures vanquished.

Vanquished Creatures (collateral kills)
  A wolf spider (Spider:4)
  A jumping spider (Spider:2)
2 creatures vanquished.

Vanquished Creatures (others)
  A wolf spider simulacrum (D:15)
  A centaur simulacrum (D:15)
  A redback (Spider:4)
  An ogre (D:6)
  An orc (Orc:2)
  21 fungi
  14 plants
40 creatures vanquished.

Grand Total: 1175 creatures vanquished

Notes
Turn   | Place    | Note
-------+----------+-------------------------------------------
     0 | D:1      | DearestLeader the Gargoyle Earth Elementalist began the
                  | quest for the Orb.
     0 | D:1      | Reached XP level 1. HP: 10/10 MP: 3/3
   132 | D:1      | Reached skill level 4 in Earth Magic
   134 | D:1      | Reached XP level 2. HP: 6/15 MP: 1/5
   965 | D:1      | Reached XP level 3. HP: 18/19 MP: 6/6
  1340 | D:1      | Reached skill level 5 in Earth Magic
  1534 | D:2      | Found an ancient bone altar of Kikubaaqudgha.
  1610 | D:2      | Learned a level 2 spell: Passwall
  1615 | D:2      | Learned a level 3 spell: Stone Arrow
  1813 | D:2      | Reached skill level 1 in Maces & Flails
  2006 | D:2      | Reached XP level 4. HP: 24/24 MP: 3/7
  2943 | D:3      | Reached skill level 6 in Earth Magic
  3216 | D:3      | You fall into a shaft and drop 2 floors!
  3216 | D:5      | Entered Level 5 of the Dungeon
  3253 | D:5      | Reached XP level 5. HP: 28/28 MP: 4/8
  3295 | D:5      | Reached skill level 7 in Earth Magic
  3445 | D:5      | Reached XP level 6. HP: 31/33 MP: 9/9
  3759 | D:4      | Reached skill level 8 in Earth Magic
  3761 | D:4      | HP: 1/33 [something/puff of flame (8)]
  3948 | D:4      | Noticed Robin
  3994 | D:4      | Killed Robin
  3994 | D:4      | Reached XP level 7. HP: 37/37 MP: 9/11
  5080 | D:5      | Killed an unseen horror
  5080 | D:5      | Reached skill level 10 in Earth Magic
  5080 | D:5      | Reached XP level 8. HP: 13/42 MP: 4/14
  5087 | D:5      | Learned a level 5 spell: Lee's Rapid Deconstruction
  5092 | D:5      | Learned a level 4 spell: Petrify
  5325 | D:5      | Reached skill level 1 in Conjurations
  5680 | D:5      | Reached skill level 11 in Earth Magic
  5942 | D:5      | Found Afasufu's Gadget Shoppe.
  6139 | D:5      | Found Foir Qann's General Store.
  6198 | D:5      | Found Zicocorr's Armour Shop.
  6206 | D:5      | Found a staircase to the Ecumenical Temple.
  6214 | Temple   | Entered the Ecumenical Temple
  6246 | Temple   | Became a worshipper of Vehumet
  6586 | D:6      | Reached XP level 9. HP: 42/46 MP: 8/15
  6895 | D:6      | Found a glowing golden altar of the Shining One.
  7292 | D:6      | Found a hide-covered altar of Uskayaw.
  7549 | D:6      | Reached skill level 12 in Earth Magic
  7587 | D:6      | Reached * piety under Vehumet
  7587 | D:6      | Offered knowledge of Shock by Vehumet.
  7849 | D:7      | Found a stormy altar of Qazlal.
  7855 | D:7      | Reached skill level 5 in Spellcasting
  8133 | D:7      | Found a shimmering altar of Xom.
  8133 | D:7      | Found a shadowy altar of Dithmenos.
  8171 | D:7      | Found a faded altar of an unknown god.
  8173 | D:7      | Found a glowing silver altar of Zin.
  8175 | D:7      | Found a faded altar of an unknown god.
  8308 | D:7      | Reached skill level 5 in Conjurations
  8637 | D:7      | Reached skill level 13 in Earth Magic
  8783 | D:7      | Noticed a wizard
  8789 | D:7      | Killed a wizard
  8789 | D:7      | Reached XP level 10. HP: 51/51 MP: 10/18
  8790 | D:7      | Noticed an orc sorcerer
  8791 | D:7      | Paralysed by an orc sorcerer for 3 turns
  8794 | D:7      | Noticed a smoke demon
  8802 | D:7      | Killed an orc sorcerer
  9385 | D:8      | Offered knowledge of Searing Ray by Vehumet.
  9708 | D:8      | Got a dazzling great sword
  9780 | D:8      | Reached ** piety under Vehumet
 10066 | D:9      | Reached skill level 14 in Earth Magic
 10418 | D:9      | Found an ornate altar of the Wu Jian Council.
 10636 | D:9      | Offered knowledge of Ignite Poison by Vehumet.
 10879 | D:9      | Reached XP level 11. HP: 55/55 MP: 11/21
 10882 | D:9      | Reached skill level 15 in Earth Magic
 11102 | D:9      | Found a bloodstained altar of Trog.
 11251 | D:10     | Entered Level 10 of the Dungeon
 11305 | D:10     | Reached *** piety under Vehumet
 11418 | D:10     | Noticed a two-headed ogre
 11539 | D:10     | Reached skill level 1 in Transmutations
 11708 | D:10     | Killed a two-headed ogre
 11780 | D:10     | Killed an unseen horror
 11780 | D:10     | Offered knowledge of Mephitic Cloud by Vehumet.
 11795 | D:10     | Learned a level 3 spell: Mephitic Cloud
 12450 | D:11     | Noticed Harold
 12466 | D:11     | Killed Harold
 12466 | D:11     | Reached skill level 1 in Poison Magic
 12813 | D:11     | Noticed a brown ugly thing
 12822 | D:11     | Killed a brown ugly thing
 13094 | D:11     | Reached **** piety under Vehumet
 13216 | D:11     | Found a staircase to the Lair.
 13358 | D:11     | Offered knowledge of Hailstorm by Vehumet.
 13625 | Lair:1   | Entered Level 1 of the Lair of Beasts
 13785 | Lair:1   | Reached XP level 12. HP: 60/60 MP: 10/23
 14049 | Lair:1   | Learned a level 4 spell: Hailstorm
 14346 | Lair:1   | Reached skill level 16 in Earth Magic
 14749 | Lair:1   | Reached skill level 1 in Ice Magic
 15243 | Lair:2   | Noticed Sonja
 15460 | Lair:2   | Killed Sonja
 15882 | Lair:2   | Noticed a four-headed hydra
 16061 | Lair:2   | Got a pitted scimitar
 16222 | Lair:2   | Noticed a seven-headed hydra
 16252 | Lair:2   | Killed a seven-headed hydra
 16557 | Lair:2   | Reached ***** piety under Vehumet
 16557 | Lair:2   | Offered knowledge of Iron Shot by Vehumet.
 16565 | Lair:2   | Learned a level 6 spell: Iron Shot
 16609 | Lair:2   | Killed a four-headed hydra
 16609 | Lair:2   | Reached XP level 13. HP: 52/64 MP: 8/25
 16721 | Lair:2   | Reached skill level 17 in Earth Magic
 17419 | Lair:3   | Reached skill level 10 in Conjurations
 17585 | Lair:3   | Reached skill level 5 in Dodging
 17720 | Lair:3   | Got an ancient jade ring
 17721 | Lair:3   | Identified the ring of Jigibao {rC+ Stlth-} (You found it
                  | on level 3 of the Lair of Beasts)
 18114 | Lair:3   | Noticed Fannar
 18119 | Lair:3   | Killed Fannar
 18482 | Lair:3   | Found a hole to the Spider Nest.
 19007 | Lair:4   | Reached skill level 1 in Fighting
 19571 | Lair:4   | Got a twisted falchion
 20088 | Lair:4   | Got an ichor-stained hand axe
 20298 | Lair:4   | Identified the +10 scimitar of Righteous Fury {vorpal,
                  | rElec MR+} (You found it on level 2 of the Lair of Beasts)
 20299 | Lair:4   | Identified the +7 falchion "Goblin's Regret" {venom, Str+4
                  | Int-3} (You found it on level 4 of the Lair of Beasts)
 20483 | Lair:4   | Found a staircase to the Shoals.
 20657 | Lair:5   | Offered knowledge of Starburst by Vehumet.
 20657 | Lair:5   | Gained mutation: Your large and strong wings let you fly
                  | indefinitely. [Gargoyle growth]
 20657 | Lair:5   | Reached XP level 14. HP: 55/74 MP: 27/27
 20685 | Lair:5   | Reached skill level 1 in Long Blades
 21377 | Lair:5   | Reached skill level 10 in Spellcasting
 22364 | Lair:6   | Entered Level 6 of the Lair of Beasts
 22541 | Lair:5   | Reached skill level 18 in Earth Magic
 22674 | Lair:6   | Found a staircase to the Slime Pits.
 22678 | Lair:6   | Found a viscous altar of Jiyva.
 23787 | Lair:6   | Got an encrusted long sword
 23828 | Lair:6   | Noticed a dire elephant
 23832 | Lair:6   | Killed a dire elephant
 23857 | Lair:6   | Noticed a dire elephant
 23862 | Lair:6   | Noticed a dire elephant
 24013 | Lair:6   | Noticed a dire elephant
 24024 | Lair:6   | Killed a dire elephant
 24153 | Lair:6   | Killed a dire elephant
 24286 | Lair:6   | Reached skill level 1 in Shields
 24286 | Lair:6   | Reached XP level 15. HP: 78/78 MP: 8/29
 24294 | Lair:6   | Learned a level 6 spell: Starburst
 24998 | D:12     | Noticed Nessos
 25007 | D:12     | Killed Nessos
 25182 | D:12     | Offered knowledge of Conjure Ball Lightning by Vehumet.
 25218 | D:12     | Found a staircase to the Orcish Mines.
 25772 | Orc:1    | Entered Level 1 of the Orcish Mines
 25818 | Orc:1    | Found a roughly hewn altar of Beogh.
 25921 | Orc:2    | Entered Level 2 of the Orcish Mines
 26160 | Orc:1    | Found Recawk's Book Emporium.
 26212 | Orc:1    | Bought a book of Annihilations for 1435 gold pieces
 26404 | Orc:2    | Found Ziptemipn's Jewellery Shop.
 26410 | Orc:2    | Bought an uncursed ring of magical power for 300 gold
                  | pieces
 26554 | Orc:2    | Found Qalerghe's Magic Scroll Boutique.
 26621 | Orc:2    | Bought a scroll of identify for 34 gold pieces
 26621 | Orc:2    | Bought a scroll of teleportation for 51 gold pieces
 26713 | Orc:2    | Found Loetopa's General Store.
 26732 | Orc:2    | Found a roughly hewn altar of Beogh.
 27130 | Orc:2    | Found a roughly hewn altar of Beogh.
 27142 | Orc:2    | Found a staircase to the Elven Halls.
 27271 | Orc:2    | Offered knowledge of Orb of Destruction by Vehumet.
 27276 | Orc:2    | Reached skill level 1 in Air Magic
 27354 | Orc:2    | Found Ykaa's Antique Weapon Shop.
 27415 | Orc:2    | Found an ancient bone altar of Kikubaaqudgha.
 27540 | Orc:2    | Noticed Erolcha
 27556 | Orc:2    | Killed Erolcha
 27558 | Orc:2    | Found a radiant altar of Vehumet.
 27591 | Orc:2    | Found a roughly hewn altar of Beogh.
 27591 | Orc:2    | Found Kehef's Magic Scroll Boutique.
 27594 | Orc:2    | Found Coumm's Distillery.
 27627 | Orc:2    | Found Irhy's Gadget Boutique.
 27632 | Orc:2    | Bought a scroll of teleportation for 39 gold pieces
 27632 | Orc:2    | Bought a scroll of identify for 26 gold pieces
 27632 | Orc:2    | Bought a scroll of identify for 26 gold pieces
 27660 | Orc:2    | Bought 2 potions of heal wounds for 120 gold pieces
 28356 | D:13     | Found the +7 sceptre of Torment {pain, torment}
 28444 | D:13     | Reached skill level 5 in Shields
 29085 | D:13     | Noticed Snorg
 29088 | D:13     | Killed Snorg
 29124 | D:14     | Found a gate to the Vaults.
 29124 | D:14     | Noticed Rupert
 29124 | D:14     | Noticed Urug
 29296 | D:14     | Reached ****** piety under Vehumet
 29296 | D:14     | Offered knowledge of Bolt of Magma by Vehumet.
 29298 | D:14     | Killed Urug
 29803 | D:14     | Paralysed by something for 2 turns
 29821 | D:14     | Killed Rupert
 29821 | D:14     | Reached XP level 16. HP: 33/83 MP: 24/31
 30759 | Spider:1 | Entered Level 1 of the Spider Nest
 30868 | Lair:3   | Reached skill level 15 in Conjurations
 31865 | Spider:2 | Reached skill level 19 in Earth Magic
 32287 | Spider:2 | You fall into a shaft and drop 1 floor!
 33117 | Spider:2 | Found the +7 pair of quick blades "Gyre" and "Gimble"
                  | {protect}
 33383 | Spider:2 | Offered knowledge of Iskenderun's Battlesphere by Vehumet.
 33396 | Spider:2 | Learned a level 5 spell: Iskenderun's Battlesphere
 33826 | Spider:3 | Reached skill level 1 in Charms
 34362 | Spider:4 | Entered Level 4 of the Spider Nest
 34979 | Spider:3 | Reached XP level 17. HP: 87/87 MP: 22/32
 34984 | Spider:3 | Offered knowledge of Ozocubu's Refrigeration by Vehumet.
 37377 | Spider:3 | Reached skill level 5 in Charms
 38691 | Spider:4 | Got a gossamer rune of Zot
 38885 | Slime:1  | Entered Level 1 of the Pits of Slime
 39172 | Elf:1    | Entered Level 1 of the Elven Halls
 39250 | Elf:1    | Found a radiant altar of Vehumet.
 39432 | Elf:1    | Found Ugyvianu's Magic Scroll Shop.
 39684 | D:15     | Entered Level 15 of the Dungeon
 39850 | D:15     | Offered knowledge of Shatter by Vehumet.
 39850 | D:15     | Offered knowledge of Tornado by Vehumet.
 39850 | D:15     | Offered knowledge of Ignition by Vehumet.
 39995 | D:15     | Reached skill level 10 in Dodging
 40207 | D:15     | Reached XP level 18. HP: 71/92 MP: 15/34
 40527 | D:15     | Reached skill level 20 in Earth Magic
 40848 | D:15     | Reached skill level 1 in Fire Magic
 41053 | D:15     | Found a staircase to the Depths.
 42195 | Shoals:1 | Entered Level 1 of the Shoals
 42565 | Shoals:1 | Identified the +4 plate armour of the Eight Boll Weevils
                  | {rC+ rN+ MR-}
 42881 | Shoals:1 | Mangled by a merfolk impaler

Illustrated notes

Levels and vault maps discovered:
D:1:      lightli_iron_boxes, layout_basic
D:2:      minmay_roachtagon, layout_basic, kiku_gazebo_pond_becter
D:3:      layout_rooms, first_ration
D:4:      layout_basic, uniq_robin
D:5:      kennysheep_spiral_hall, layout_loops_corners, temple_green,
          serial_shops, shop, shop, nicolae_shop_window_shopping
D:6:      layout_loops_ring, kennysheep_mini, nicolae_tso_carved_into_rock
D:7:      cheibrodos_wizards_tower, layout_loops_corners,
          chequers_temple_overflow_minitemple, nicolae_qazlal_general_emergency
D:8:      layout_basic
D:9:      kennysheep_ambush_hall, layout_basic, overflow_temple_1_default,
          grunt_livestock, trog_book
D:10:     layout_cave_pools
D:11:     layout_basic, lair_entry_dummy, chequers_serial_rivers_micro_e,
          uniq_harold
D:12:     minmay_blocky_corners, layout_rooms, david_orc_3, drop_trap,
          uniq_nessos
D:13:     layout_loops_cross, uniq_snorg
D:14:     layout_layer_cave, david_vaults_3
D:15:     gammafunk_enter_depths_forms, layout_loops_ring, minmay_the_grid_2x2
          [minmay_the_grid_large_cup, minmay_the_grid_empty,
          minmay_the_grid_gridbox, minmay_the_grid_prize_inner_circle]
Temple:   eino_temple_scatter_basement
Lair:1:   layout_chaotic_city, grunt_megastairs_1, minmay_lair_oklob_chamber,
          infiniplex_staircase_pool
Lair:2:   layout_regular_city, hangedman_lair_generics_rect, uniq_sonja
Lair:3:   layout_gridlike, spider_nest_entry_webs, roderic_carrion_pond,
          lemuel_fruit_tree, lemuel_fruit_fields, grunt_megastairs_4,
          serial_bayou_shore_a, serial_bayou_shore_b,
          infiniplex_staircase_pool_2, uniq_fannar
Lair:4:   regret_index_tunnel_blossom, layout_hall_layers, shoals_dummy_entry
Lair:5:   layout_layer_cave, special_room [special_room_mythical_zoo],
          st_stairs_3
Lair:6:   due_jungle_book, layout_loops_ring, slime_altar_1,
          serial_bayou_crossing
Shoals:1: layout_shoals, nicolae_shoals_c_island
Spider:1: layout_spider_delve, hive_lemuel
Spider:2: layout_chambers, drop_trap, nicolae_spider_webs_and_nodes
Spider:3: lemuel_spider_zombies
Spider:4: spider_rune_water, drop_trap, hangedman_spider_tarantella_strand
Slime:1:  layout_caves
Orc:1:    layout_caves, serial_shops, shop, basic_altar
Orc:2:    kennysheep_orc_mage_school, layout_diamond_mine, serial_shops,
          nicolae_shop_statue_plus, shop, shop, basic_altar,
          david_defended_altar_orc
Elf:1:    eino_elf_arrival_altar, layout_geoelf_diagonals, serial_shops,
          shop_scrolls, minmay_elf_demonology, drop_trap

Skill      XL: |  1  2  3  4  5  6  7  8  9 10 11 12 13 14 15 16 17 18 |
---------------+-------------------------------------------------------+-----
Earth Magic    | 4 5 6 7 8 10 11 13 14 15 16 17 18 19 20 | 20.1
Maces & Flails | 1 |  1.0
Spellcasting   | 4 5 7 8 9 10 11 12 | 12.9
Conjurations   | 3 5 7 8 9 11 13 14 16 17 | 17.9
Transmutations | 2 3 |  3.0
Dodging        | 3 4 6 7 8 9 10 | 10.3
Poison Magic   | 3 |  3.0
Ice Magic      | 4 |  4.0
Fighting       | 3 |  3.0
Long Blades    | 3 |  3.0
Shields        | 1 5 |  5.0
Air Magic      | 2 |  2.0
Charms         | 3 5 |  5.0
Fire Magic     | 2 |  2.7
Stealth        | |  2.1
Unarmed Combat | |  0.2

Action                   |  1- 3 |  4- 6 |  7- 9 | 10-12 | 13-15 | 16-18 || total
-------------------------+-------+-------+-------+-------+-------+-------++-------
Melee: Whip              |   179 |    71 |       |       |       |       ||   250
       Unarmed           |    14 |       |       |       |       |       ||    14
       Dagger            |       |   194 |   346 |       |       |       ||   540
       Quarterstaff      |       |       |    45 |   615 |   402 |       ||  1062
       Scimitar          |       |       |       |       |   595 |   136 ||   731
 Cast: Sandblast         |    19 |    29 |    42 |    53 |    51 |   189 ||   383
       Stone Arrow       |       |       |    43 |   194 |   219 |   352 ||   808
       Lee's Rapid Decon |       |       |     1 |    21 |    50 |    68 ||   140
       Petrify           |       |       |       |     3 |       |    10 ||    13
       Iron Shot         |       |       |       |     1 |    51 |    48 ||   100
       Hailstorm         |       |       |       |     1 |    12 |     2 ||    15
       Mephitic Cloud    |       |       |       |       |    58 |    27 ||    85
       Iskenderun's Batt |       |       |       |       |       |    87 ||    87
       Starburst         |       |       |       |       |       |     3 ||     3
 Abil: Fly               |       |       |       |       |       |     1 ||     1
Evoke: Wand              |       |       |     1 |       |       |     1 ||     2
  Use: Scroll            |     5 |     3 |     6 |     8 |    15 |    11 ||    48
       Potion            |       |     2 |       |       |     1 |     8 ||    11
 Stab: Sleeping          |     2 |     3 |     2 |     5 |       |       ||    12
       Confused          |       |       |       |       |    11 |     1 ||    12
  Eat: Chunk             |     4 |     7 |    15 |    28 |    49 |    26 ||   129
       Ration            |       |       |     1 |     1 |     5 |    11 ||    18
Armor: Robe              |    87 |   156 |   214 |   325 |   529 |   575 ||  1886
Dodge: Dodged            |   175 |   247 |   265 |   525 |  1282 |   459 ||  2953
Block: Buckler           |       |       |       |       |    62 |   147 ||   209
       Rpst.: Scimitar   |       |       |       |       |   184 |    78 ||   262
